 Dungeon Crawl Stone Soup version 0.25-a0-681-gdf4e720381 (console) character file.

Game seed: 2098026732864901146, levelgen mode: classic

87 Duffy the Conjurer (level 4, -2/36 HPs)
             Began as a Naga Fire Elementalist on Mar 30, 2020.
             Slain by a centaur skeleton (3 damage)
             ... on level 4 of the Dungeon.
             The game lasted 00:02:12 (863 turns).

Duffy the Conjurer (Naga Fire Elementalist)          Turns: 863, Time: 00:02:12

Health: -2/36      AC:  2    Str: 10    XL:     4   Next: 51%
Magic:  0/7        EV: 10    Int: 17    God:
Gold:   56         SH:  0    Dex: 11    Spells: 2/7 levels left

rFire    . . .     SeeInvis +   c - ration
rCold    . . .     Gourm    .   (no shield)
rNeg     . . .     Faith    .   a - +0 robe
rPois    +         Spirit   .   (no helmet)
rElec    .         Reflect  .   (no cloak)
rCorr    .         Harm     .   (no gloves)
MR       .....                  (no barding)
Stlth    ++........             (no amulet)
HPRegen  0.12/turn              h - ring of wizardry
MPRegen  0.10/turn              (no ring)

@: very slow
A: large, see invisible, deformed body, poison resistance, slowness 2, slow
metabolism 1, spit poison 1, AC +1
a: Spit Poison


You were on level 4 of the Dungeon.
You were hungry.

You visited 1 branch of the dungeon, and saw 4 of its levels.

You collected 56 gold pieces.

Inventory:

Armour
 a - a +0 robe (worn)
Jewellery
 h - a ring of wizardry (left hand)
Scrolls
 b - a scroll of magic mapping {unknown}
 d - 2 scrolls of identify {unknown}
 e - 3 scrolls of remove curse {unknown}
 g - 2 scrolls of enchant armour {unknown}
Potions
 f - a potion of stabbing {unknown}
 i - a potion of magic {unknown}
 j - a potion of curing {unknown}
Comestibles
 c - a ration (in hand)


   Skills:
 - Level 1.5 Dodging
 - Level 3.0 Stealth
 + Level 2.4 Spellcasting
 + Level 3.5 Conjurations
 + Level 3.3 Fire Magic


You had 2 spell levels left.
You knew the following spells:

 Your Spells              Type           Power        Failure   Level  Hunger
h - Foxfire               Conj/Fire      ##..         1%          1    #......
j - Sticky Flame          Conj/Fire      ##......     17%         4    #####..

Your spell library contained the following spells:

 Spells                   Type           Power        Failure   Level  Hunger
 Conjure Flame            Conj/Fire      ##......     6%          3    ###....
 Inner Flame              Hex/Fire       #.......     12%         3    ###....
 Fireball                 Conj/Fire      ##........   43%         5    ######.


Dungeon Overview and Level Annotations

Branches:
Dungeon (4/15)
 Temple: D:4-7

Altars:

Annotations:
D:4 2 transporters


Innate Abilities, Weirdness & Mutations

You cannot wear boots.
Your serpentine skin is tough. (AC +1)
You have supernaturally acute eyesight. (SInv)
Armour fits poorly on your strangely shaped body.
Your system is resistant to poisons. (rPois)
You cover ground very slowly.
You have a slow metabolism.
You can spit poison.


Message History

The shadow imp sputters.
The centaur skeleton completely misses you.
Cast which spell? (? or * to list)
You conjure some foxfire!
The centaur skeleton completely misses you.
Your foxfire dissipates!
The foxfire hits the centaur skeleton.
The centaur skeleton is severely damaged.
The centaur skeleton hits you but does no damage.
The shadow imp shouts, "Embrace thy fall, thou gleeking saucy maggot-pie!"
The centaur skeleton hits you but does no damage.
The centaur skeleton hits you.
Cast which spell? (? or * to list)
You conjure some foxfire!
The centaur skeleton closely misses you.
Your foxfire dissipates!
The foxfire hits the centaur skeleton.
The centaur skeleton is almost destroyed.
The centaur skeleton hits you.
You die...

#.#########..##+#+###
#.#8P.^.P8#.........#
#..#P../..P#..#......############
#.#.####+####.........'..........<
#.#..#o~...~.#.........############
.#.#.#5~...~K#.........#
#.#.!#o~P~~~5#.........##
~~}~~.#...Z.......#
~~P~~o#...@.......#
~...~.#...........#
~...~.#...#.......#
##+####.#.#.......#
..?..~#.#.######### P$^$P8#.#..
#######.#..# ..^.....##.. #...#####
.#


You could see a kobold demonologist, an orc priest, a shadow imp and a centaur
skeleton.

Vanquished Creatures
  A hound (D:4)
  3 adders (D:2)
  5 orcs (D:3)
  2 bats
  A giant cockroach (D:1)
  A goblin (D:1)
  6 hobgoblins
  A kobold (D:2)
  A ball python (D:3)
  5 rats
26 creatures vanquished.

Vanquished Creatures (others)
  77 foxfires
77 creatures vanquished.

Grand Total: 103 creatures vanquished

Notes
Turn   | Place    | Note
-------+----------+-------------------------------------------
     0 | D:1      | Duffy the Naga Fire Elementalist began the quest for the
                  | Orb.
     0 | D:1      | Reached XP level 1. HP: 15/15 MP: 3/3
     6 | D:2      | Reached XP level 2. HP: 22/22 MP: 1/5
    94 | D:2      | Reached XP level 3. HP: 12/28 MP: 3/6
   755 | D:3      | Reached XP level 4. HP: 36/36 MP: 5/7
   763 | D:3      | Learned a level 4 spell: Sticky Flame
   803 | D:4      | Noticed a kobold demonologist
   807 | D:4      | Found a transporter,
   821 | D:4      | Found a transporter,
   861 | D:4      | HP: 1/36 [centaur skeleton (6)]
   863 | D:4      | Slain by a centaur skeleton

Levels and vault maps discovered:
D:1:      nzn_arrival_water_spiral, layout_rooms, minmay_misc_feat_more_columns,
          serial_bayou_lagoon_a
D:2:      layout_rooms, kennysheep_minor_cross
D:3:      layout_rooms, chequers_garden, minmay_misc_feat_nine_boxes,
          saegor_snake_ambush
D:4:      gammafunk_wand_slinger, layout_basic, first_ration, uniq_natasha,
          uniq_pikel, uniq_crazy_yiuf_cottage

Skill      XL: |  1  2  3 |
---------------+----------+-----
Conjurations   | 2 3 |  3.5
Dodging        | |  1.5
Stealth        | |  3.0
Spellcasting   | |  2.4
Fire Magic     | |  3.3

Action                   |  1- 3 |  4- 6 || total
-------------------------+-------+-------++-------
 Cast: Foxfire           |    36 |    10 ||    46
 Abil: Spit Poison       |    12 |     1 ||    13
Armor: Robe              |     8 |     2 ||    10
Dodge: Dodged            |    23 |     9 ||    32

Table legend:
 A = Non-vault XP
 B = Vault XP
 C = Vault XP percentage of total XP
 D = Non-vault monster count
 E = Vault monster count
 F = Vault count percentage of total count
                 A         B        C        D         E       F
            +---------+---------+-------+---------+---------+-------
      Total |     124 |       1 |   0.8 |      25 |       1 |   3.8
            +---------+---------+-------+---------+---------+-------
        D:1 |      12 |       0 |   0.0 |       7 |       0 |   0.0
        D:2 |      46 |       0 |   0.0 |       7 |       0 |   0.0
        D:3 |      23 |       1 |   4.2 |      10 |       1 |   9.1
        D:4 |      43 |       0 |   0.0 |       1 |       0 |   0.0
            +---------+---------+-------+---------+---------+-------
